 Dungeon Crawl Stone Soup version 0.30-a0-142-g7370640ec8 (webtiles) character file.

Game seed: 1353513326638340057

1634 Decritt the Gusty (level 8, 0/48 HPs)
             Began as a Tengu Air Elementalist on Sept 26, 2022.
             Was a Believer of Vehumet.
             Killed from afar by an orc wizard (6 damage)
             ... with a puff of flame
             ... on level 6 of the Dungeon.
             The game lasted 00:28:45 (8804 turns).

Decritt the Gusty (Tengu Air Elementalist)          Turns: 8804, Time: 00:28:46

Health: 0/48       AC:  3    Str:  9    XL:     8   Next: 98%
Magic:  15/22      EV: 17    Int: 18    God:    Vehumet [**....]
Gold:   94         SH:  6    Dex: 20    Spells: 5/13 levels left

rFire   . . .      SeeInvis .    p - +8 long sword "Kiteudd" {pain, Fragile MP+9 Stlth+}
rCold   . . .      Faith    .    v - +0 buckler {reflect}
rNeg    . . .      Spirit   .    f - +0 leather armour
rPois   +          Reflect  +    (helmet restricted)
rElec   .          Harm     .    (no cloak)
rCorr   .          Rampage  .    (no gloves)
Will    .....                    (boots unavailable)
Stlth   +++.......               (no amulet)
HPRegen 0.16/turn                m - ring of poison resistance
MPRegen 0.18/turn                e - +6 ring of dexterity

@: flying quickly and evasively, quick
A: beak, talons 3, nimble flight
a: Renounce Religion


You were on level 6 of the Dungeon.
You worshipped Vehumet.
Vehumet was pleased with you.
You visited 1 branch of the dungeon, and saw 6 of its levels.
You also visited: Sewer and Ossuary.

You collected 221 gold pieces.
You spent 127 gold pieces at shops.

Inventory:

Hand Weapons
 h - the +9 hand axe of Exchange {drain, rElec Dex+3}
   (You found it on level 2 of the Dungeon)

   A truly terrible weapon, it drains the life of any living foe it strikes.
   Dex:       It affects your dexterity (+3).
   rElec:     It insulates you from electricity.
 p - the +8 long sword "Kiteudd" (weapon) {pain, Fragile MP+9 Stlth+}
   (You found it on level 2 of the Dungeon)

   In the hands of one skilled in necromantic magic, it inflicts extra damage on
   living creatures.
   MP:        It affects your magic capacity (+9).
   Fragile:   It will be destroyed if unequipped.
   Stlth:     It makes you more stealthy.
Armour
 f - a +0 leather armour (worn)
 v - a +0 buckler of reflection (worn)
Jewellery
 a - a ring of protection from fire
 d - a ring of willpower
 e - a +6 ring of dexterity (right hand)
 m - a ring of poison resistance (left hand)
 q - a ring of protection from cold
Scrolls
 c - a scroll of fear
 l - 2 scrolls of amnesia
 s - 4 scrolls of teleportation
 y - a scroll of blinking {unknown}
 z - a scroll of enchant weapon {unknown}
 C - 2 scrolls of immolation {unknown}
 D - a scroll of summoning {unknown}
Potions
 b - a potion of magic
 g - a potion of invisibility {unknown}
 j - 2 potions of cancellation
 k - 2 potions of attraction {unknown}
 n - 3 potions of might
 o - 4 potions of heal wounds {unknown}
 t - 3 potions of berserk rage
 u - 3 potions of lignification {unknown}
 w - a potion of brilliance {unknown}
 x - 2 potions of curing {unknown}
 A - a potion of ambrosia {unknown}
 B - a potion of haste {unknown}


   Skills:
 + Level 4.0 Fighting
 * Level 5.7 Armour
 + Level 5.2 Dodging
 - Level 2.0 Stealth
 * Level 4.7 Shields
 - Level 3.0 Spellcasting
 - Level 1.3 Conjurations
 + Level 7.3 Air Magic


You had 5 spell levels left.
You knew the following spells:

 Your Spells              Type           Power      Damage    Failure   Level
a - Shock                 Conj/Air       72%        1d7       4%          1
b - Airstrike             Air            14%        2d(3-19)  14%         4
c - Swiftness             Air            29%        N/A       4%          3

Your spell library contained the following spells:

 Spells                   Type           Power      Damage    Failure   Level
 Magic Dart               Conj           28%        1d4       16%         1
 Static Discharge         Conj/Air       36%        2-4/arc   7%          2
 Scorch                   Fire           4%         2d5       38%         2
 Ozocubu's Armour         Ice            2%         N/A       63%         3
 Flame Wave               Conj/Fire      5%         2d5       91%         4
 Summon Cactus Giant      Summ           1%         N/A       100%        6
 Ozocubu's Refrigeration  Ice            1%         4d7       100%        7


Dungeon Overview and Level Annotations

Branches:
Dungeon (6/15)              Sewer (visited)         Ossuary (visited)
 Temple: D:4-7

Altars:
Ashenzari
Cheibriados
Kikubaaqudgha
Nemelex Xobeh
Trog
Vehumet
Wu Jian
The Shining One

Shops:
D:2 [   D:4 *(


Innate Abilities, Weirdness & Mutations

You have a beak for a mouth.
You have claws for feet.
Your magical nature lets you fly swiftly and evasively.


Message History

The zap hits the orc wizard.
The orc wizard is severely wounded.
The orc wizard points at you and mumbles some strange words.
The magic dart hits you!
* * * LOW HITPOINT WARNING * * *
An orc wizard comes into view. It is wielding a +0 dagger.
The orc wizard shouts!
You hear a shout! x2
The orc wizard barely misses you.
An orc warrior comes into view. It is wielding a +0 battleaxe.
You barely miss the orc wizard.
You peck the orc wizard, but do no damage.
The orc wizard is severely wounded.
The orc wizard gestures at you while chanting.
The puff of flame hits you.
* * * LOW HITPOINT WARNING * * *
The orc wizard casts a spell at you.
You are confused.
Your magical effects are unravelling.
You feel magically purged.
Your magical contamination has completely faded away.
You feel less confused.
The orc wizard gestures at you while chanting.
The magic dart hits you!
* * * LOW HITPOINT WARNING * * *
An orc comes into view. It is wielding a +0 dagger.
The orc wizard casts a spell at you. The puff of flame hits you!
* * * LOW HITPOINT WARNING * * *
Okay, then.
As you read the scroll of fear, it crumbles to dust.
You assume a fearsome visage.
The orc warrior looks frightened!
The orc looks frightened!
The orc wizard resists with some effort.
The orc wizard looks frightened!
The orc wizard gestures wildly while chanting.
The orc wizard flickers and vanishes!
Deactivating autopickup; reactivate with Ctrl-A.
The orc wizard gestures at you while chanting.
The puff of flame hits you.
You die...

,* *,,,.........# ###..##
,* *,,,....(....# ##.....#
,* *,,,.........#
##......# **
*,,,.........# #.......# *
*,,,.........# ##.......#
* *,,,..o......#
#........## *
**,,.......o.###.........#
*,,.....................#
*
*,,.......#.@...........#
***
***.######.............##
..### *** #...#........<#
....### *#.###.........#
......##**#*#..*
##.......##
.......##.....#* ##....###
.........,,.##,** ######
.......#**##**,,* .Y....#*
**,**


You could see an orc warrior (fleeing) and an orc wizard.

Vanquished Creatures
  Pikel (D:3)
  An ice beast (D:6)
  3 lemures
  A phantom (D:5)
  Blork the orc (D:4)
  A necrophage (D:6)
  A scorpion (D:5)
  5 hounds
  3 orc priests
  2 jellies (Sewer)
  2 iguanas
  4 orc wizards
  12 mummies (Ossuary)
  8 adders
  2 river rats (Sewer)
  A shadow imp (D:5)
  4 worms (D:2)
  4 dart slugs
  14 orcs
  18 endoplasms
  4 giant cockroaches (Sewer)
  A goblin (D:4)
  6 hobgoblins
  3 jackals (D:4)
  4 quokkas
  9 ball pythons
  2 bats
  6 frilled lizards
  A gnoll skeleton (Ossuary)
  2 goblin skeletons (Ossuary)
  13 kobolds
  4 kobold skeletons (Ossuary)
  An orc skeleton (Ossuary)
  9 rats
  11 rat skeletons (Ossuary)
164 creatures vanquished.

Notes
Turn   | Place    | Note
-------+----------+-------------------------------------------
     0 | D:1      | Decritt the Tengu Air Elementalist began the quest for the
                  | Orb.
     0 | D:1      | Reached XP level 1. HP: 10/10 MP: 4/4
   317 | D:1      | Reached XP level 2. HP: 16/16 MP: 1/6
   490 | D:1      | Found a faded altar of an unknown god.
  1078 | D:1      | Reached XP level 3. HP: 20/20 MP: 5/7
  1193 | D:2      | Reached skill level 1 in Fighting
  1270 | D:2      | Identified the +9 hand axe of Exchange {drain, rElec Dex+3}
  1729 | D:2      | Found Vesinas's Antique Armour Shop.
  2033 | D:2      | Reached skill level 5 in Air Magic
  2033 | D:2      | Reached XP level 4. HP: 25/25 MP: 6/8
  2092 | D:2      | Identified the +8 long sword "Kiteudd" {pain, Fragile MP+9
                  | Stlth+}
  2455 | D:3      | Found a glowing drain.
  2461 | D:3      | Reached skill level 1 in Armour
  2468 | Sewer    | Entered a sewer
  2757 | Sewer    | Gained mutation: Your magical nature lets you fly swiftly
                  | and evasively. [Tengu growth]
  2757 | Sewer    | Reached XP level 5. HP: 29/29 MP: 9/9
  2891 | Sewer    | Found a viscous altar of Jiyva.
  3288 | D:3      | Found a radiant altar of Vehumet.
  3289 | D:3      | Found a bloodstained altar of Trog.
  3295 | D:3      | Found an ornate altar of the Wu Jian Council.
  3296 | D:3      | Found a broken altar of Ashenzari.
  3296 | D:3      | Found a snail-covered altar of Cheibriados.
  3296 | D:3      | Found a sparkling altar of Nemelex Xobeh.
  3298 | D:3      | Found a glowing golden altar of the Shining One.
  3299 | D:3      | Found an ancient bone altar of Kikubaaqudgha.
  3311 | D:3      | Became a worshipper of Vehumet
  3317 | D:3      | Learned a level 4 spell: Airstrike
  3321 | D:3      | Learned a level 3 spell: Swiftness
  3492 | D:3      | Reached XP level 6. HP: 35/35 MP: 11/11
  4170 | D:2      | Bought a shiny buckler for 127 gold pieces
  4630 | D:4      | Found Lutunloy's Lightly-Used Armoury.
  4632 | D:4      | Noticed Blork the orc
  4644 | D:4      | Killed Blork the orc
  4645 | D:4      | Reached skill level 1 in Shields
  4645 | D:4      | Reached skill level 6 in Air Magic
  4699 | D:4      | Noticed Pikel
  5025 | D:3      | Killed Pikel
  5026 | D:3      | Reached XP level 7. HP: 41/41 MP: 1/12
  5026 | D:3      | Reached XP level 8. HP: 46/46 MP: 1/13
  5656 | D:4      | Found Bybbol's Weapon Boutique.
  5821 | D:4      | You are sucked into a shaft and drop 2 floors!
  6263 | D:5      | Entered Level 5 of the Dungeon
  6270 | D:5      | Found a sand-covered staircase.
  6296 | Ossuary  | Entered an ossuary
  6431 | Ossuary  | Reached * piety under Vehumet
  6431 | Ossuary  | Offered knowledge of Foxfire by Vehumet.
  7315 | D:4      | Reached skill level 5 in Armour
  7572 | D:5      | Reached skill level 7 in Air Magic
  7656 | D:5      | Reached ** piety under Vehumet
  7699 | D:5      | Offered knowledge of Magic Dart by Vehumet.
  7846 | D:5      | Reached skill level 5 in Dodging
  8804 | D:6      | Killed from afar by an orc wizard

Illustrated notes

Levels and vault maps discovered:
D:1:      saegor_arrival_simple_c, layout_loops_ring,
          hellmonk_ecumenical_altar_run_dry
D:2:      layout_basic, serial_shops, shop
D:3:      kennysheep_big_flooded_room, layout_basic, minitemple,
          portal_sewer_entry_d
D:4:      layout_loops_ring, serial_shops, nicolae_shop_bloodbath_and_beyond,
          minmay_shop_damaged, uniq_pikel, uniq_blork_the_orc
D:5:      layout_gridville, nicolae_ossuary_entry_false_entrances
D:6:      layout_cave_pods, dreamdust_princess_corridor

Skill      XL: |  1  2  3  4  5  6  7  8 |
---------------+-------------------------+-----
Fighting       | 1 2 3 4 |  4.0
Air Magic      | 5 6 7 |  7.3
Armour         | 1 2 4 5 |  5.7
Dodging        | 3 4 5 |  5.2
Spellcasting   | 3 |  3.0
Shields        | 3 4 |  4.7
Stealth        | |  2.0
Conjurations   | |  1.3

Action                   |  1- 3 |  4- 6 |  7- 9 || total
-------------------------+-------+-------+-------++-------
Melee: Mace              |     6 |       |       ||     6
       Kick              |     4 |    12 |    18 ||    34
       Hand axe          |    14 |     2 |       ||    16
       Peck              |     2 |     3 |    14 ||    19
       Long sword        |       |    42 |    55 ||    97
 Cast: Shock             |    80 |   150 |   153 ||   383
  Use: Scroll            |       |     3 |    10 ||    13
       Potion            |       |       |     2 ||     2
 Stab: Sleeping          |     2 |     2 |     2 ||     6
Armor: Robe              |     1 |       |       ||     1
       Leather armour    |     1 |     5 |     4 ||    10
Dodge: Dodged            |    11 |    32 |    49 ||    92
Block: Buckler           |       |     6 |    13 ||    19

Table legend: (Time is in decaauts)
 A = Elapsed time spent in this place.
 B = Non-inter-level travel time spent in this place.
 C = Inter-level travel time spent in this place.
 D = Time resting spent in this place.
 E = Time spent auto-exploring this place.
 F = Levels seen in this place.
 G = Mean time per level.
                   A        B        C        D        E       F      G
               +--------+--------+--------+--------+--------+-----+--------+
         Total |   8604 |   8341 |    263 |   2388 |   4440 |   8 | 1075.5 |
       Dungeon |   7321 |   7058 |    263 |   2122 |   3727 |   6 | 1220.2 |
         Sewer |    494 |    494 |      0 |    106 |    293 |   1 |  494.0 |
       Ossuary |    788 |    788 |      0 |    160 |    419 |   1 |  788.0 |
               +--------+--------+--------+--------+--------+-----+--------+

Top non-repeatable levels by time:
     D:3: 1965 daAuts
     D:2: 1265 daAuts
     D:5: 1205 daAuts
     D:4: 1190 daAuts
     D:1: 1128 daAuts
 Ossuary: 788 daAuts
     D:6: 566 daAuts
   Sewer: 494 daAuts
